 Dungeon Crawl Stone Soup version 0.24-a0-201-gf205589 (webtiles) character file.

Game seed: 3249431637594594993

50787 nikopol the Impaler (level 14, -19/127 HPs)
             Began as a Minotaur Berserker on Mar 21, 2019.
             Was a High Priest of Trog.
             Demolished by Donald
             ... wielding a +6 scimitar of slicing
              (41 damage)
             ... on level 2 of the Orcish Mines.
             The game lasted 00:46:20 (20622 turns).

nikopol the Impaler (Minotaur Berserker)           Turns: 20622, Time: 00:46:20

Health: -19/127    AC: 22    Str: 27    XL:     14   Next: 21%
Magic:  13/13      EV: 16    Int:  4    God:    Trog [*****.]
Gold:   1402       SH:  3    Dex: 10    Spells: 13/13 levels left

rFire    + . .     SeeInvis .   a - +2 trident (flame)
rCold    + . .     Gourm    .   (no shield)
rNeg     . . .     Faith    .   Z - +2 chain mail {rF+}
rPois    .         Spirit   .   (helmet restricted)
rElec    .         Reflect  +   A - +2 cloak {MR+}
rCorr    .         Harm     .   n - +0 pair of gloves
MR       ++...                  U - +2 pair of boots {run}
Stlth    ..........             r - +3 amulet of reflection
HPRegen  0.31/turn              G - +4 ring of evasion
MPRegen  0.13/turn              m - ring of protection from cold

@: quick
A: retaliatory headbutt, horns 2
a: Berserk, Trog's Hand, Brothers in Arms, Renounce Religion


You were on level 2 of the Orcish Mines.
You worshipped Trog.
Trog was extremely pleased with you.
You were not hungry.

You visited 3 branches of the dungeon, and saw 19 of its levels.
You also visited: Volcano.

You collected 1639 gold pieces.
You spent 237 gold pieces at shops.

Inventory:

Hand Weapons
 a - a +2 trident of flaming (weapon)
 d - a +2 longbow of flaming
 z - a +5 shortbow
Missiles
 p - 415 arrows
Armour
 n - a +0 pair of gloves (worn)
 A - a +2 cloak of magic resistance (worn)
 U - a +2 pair of boots of running (worn)
 Z - a +2 chain mail of fire resistance (worn)
Jewellery
 m - a ring of protection from cold (right hand)
 r - a +3 amulet of reflection (around neck)
 G - a +4 ring of evasion (left hand)
 J - an uncursed ring of poison resistance
 K - an uncursed amulet of regeneration
 T - an uncursed amulet of guardian spirit
 V - an uncursed amulet of rage
Wands
 C - a wand of acid (8)
 N - a wand of scattershot (4)
 P - a wand of random effects (14)
 R - a wand of digging (4)
Scrolls
 b - 3 scrolls of enchant weapon
 g - 8 scrolls of remove curse
 h - a scroll of magic mapping
 k - 4 scrolls of enchant armour
 u - 6 scrolls of amnesia
 v - 3 scrolls of fog
 x - 11 scrolls of teleportation
 y - a scroll of noise {unknown}
 D - 2 scrolls of torment {unknown}
 E - 4 scrolls of vulnerability {unknown}
 H - 4 scrolls of blinking {unknown}
 I - a scroll of brand weapon {unknown}
 Q - a scroll of summoning {unknown}
 W - 2 scrolls of identify
Potions
 e - 4 potions of heal wounds
 i - 5 potions of ambrosia
 j - 9 potions of curing
 l - 2 potions of lignification
 o - 3 potions of agility
 q - 5 potions of flight
 s - 3 potions of magic
 t - 3 potions of berserk rage
 w - a potion of might
 B - a potion of mutation
 F - a potion of cancellation
 M - 3 potions of brilliance
 O - 2 potions of haste
 S - a potion of invisibility
 X - 2 potions of resistance
Comestibles
 c - 42 rations
 f - 2 chunks of flesh


   Skills:
 + Level 12.9 Fighting
 * Level 15.6 Polearms
 * Level 15.6 Bows
 + Level 10.2 Armour
 + Level 7.4 Dodging
 + Level 2.3 Stealth


You had 13 spell levels left.
You didn't know any spells.
Your spell library was empty.

Dungeon Overview and Level Annotations

Branches:
Dungeon (11/15)            Temple (0/1) D:5            Lair (6/6) D:10
  Swamp (0/4) Lair:4       Spider (0/4) Lair:4        Slime (0/5) Lair:6
    Orc (2/2) D:11            Elf (0/3) Orc:2

Altars:
Ashenzari
Fedhas
Makhleb
Qazlal
Uskayaw
Zin
Beogh
Jiyva

Shops:
D:4 %%=%[   D:9 (

Annotations:
D:5 1 runed translucent door
D:11 3 runed translucent doors, Phong's ghost, journeyman DrCj
Lair:6 3 runed translucent doors, Azzok's ghost, journeyman DEFE
Orc:2 Donald


Innate Abilities, Weirdness & Mutations

You reflexively headbutt those who attack you in melee.
You have a pair of horns on your head.


Message History

Something barely misses you. Something hits you!!
* * * LOW HITPOINT WARNING * * *
x2 Deactivating autopickup; reactivate with Ctrl-A.
Something blocks your attack.
You hit something. You burn something. Something hits you but does no damage.
You puncture something! You burn something. Trog accepts your kill.
Trog appreciates your killing of a magic user.
Reactivating autopickup.
You feel a bit more experienced. Something barely misses you.
Deactivating autopickup; reactivate with Ctrl-A.
You closely miss something. Something hits you but does no damage.
You hit something. You burn something. Something blocks your attack.
You hit something but do no damage. Something hits you.
* * * LOW HITPOINT WARNING * * *
x2 Something blocks your attack.
Something hits you!
* * * LOW HITPOINT WARNING * * *
x2 You feel much better.
Something hits you!!!
You die...

,,,,,**.≈≈**##.......,,*** **,,,
,,,,,,*#.**##.......,,,,,*** **,,
,,,**,,#.#*#.......,,,,,,,,* *,,
,,,*#*,*#.###....#**,.....*****,,
,,**#..###.###...# **.....,,*,,,,
******#...[......##*#.....,,,,,,,
,*,,*#..##.##..)<.#*....(.,,,,,,,
,,,,,#,,*####..)####...(..,,**,,,
,,,,,,,,****#..)@.#......#,**,,,,
,,,,,,,,,,,*#....)......#*****,,,
,,,,,,,,,***#...o......#.* *,,*
*,,,,,,*** #..#.......#** *,**
,,,,,,,,*** #####()..### *,*,
,,,,,,,,,,***,#)()...#,*** *,*,
,,,,,,,,,,,**#..)......#,* *,*,
,,,,,,,,,,,,,#.....$....#* *,*,
,,,*,,,,,,,,..)((........** *,*,


You could see an orc.

Vanquished Creatures
  6 dire elephants (Lair:6)
  Harold (D:8)
  5 hydras
  A centaur warrior (Volcano)
  An anaconda (Lair:6)
  A catoblepas (D:11)
  A death yak (Lair:4)
  Urug (Lair:5)
  Sonja (Lair:3)
  A hell knight (Volcano)
  An oklob plant (Lair:1)
  Pikel (D:7)
  An orc knight (Orc:2)
  An ugly thing (D:11)
  10 elephants
  Maurice (D:11)
  5 black mambas
  A torpor snail (Lair:4)
  4 spiny frogs
  An anaconda simulacrum (Lair:2)
  5 komodo dragons
  2 yaktaurs (Volcano)
  2 polar bears
  3 trolls
  A wolf spider simulacrum (Lair:2)
  4 hippogriffs
  4 dream sheep (Lair:6)
  28 blink frogs
  6 wyverns
  28 yaks
  4 hogs (D:7)
  A human (D:7)
  A steam dragon (D:10)
  3 hungry ghosts
  A warg (Orc:1)
  Menkaure (D:5)
  7 porcupines
  Duvessa (D:4)
  A hydra simulacrum (Lair:2)
  6 water moccasins
  11 orc warriors
  4 sky beasts
  4 ice beasts
  An eye of draining (D:8)
  A necrophage (D:8)
  12 wolves
  A black bear (Lair:2)
  6 phantoms
  13 centaurs
  7 ogres
  17 crocodiles
  2 big kobolds (D:11)
  9 bullfrogs
  Dowan (D:4)
  2 scorpions
  A water moccasin skeleton (D:10)
  11 killer bees
  A howler monkey (D:5)
  3 electric eels (Lair:3)
  4 crimson imps
  8 jellies
  A bullfrog zombie (D:6)
  3 centaur zombies
  3 hounds
  Crazy Yiuf (D:5)
  16 orc priests
  2 centaur skeletons
  18 orc wizards
  A bullfrog skeleton (D:5)
  4 iguanas
  Natasha (thrice) (D:2)
  10 worker ants
  A bullfrog simulacrum (Lair:2)
  A hound zombie (D:8)
  A hound skeleton (D:6)
  A worker ant zombie (D:8)
  Robin (D:4)
  A gnoll (D:8)
  10 adders
  3 shadow imps
  3 oozes
  An adder skeleton (D:7)
  2 worms
  7 dart slugs
  4 leopard geckos
  54 orcs
  A ball python (D:2)
  8 giant cockroaches
  10 goblins
  9 hobgoblins
  10 jackals
  23 kobolds
  4 quokkas
  8 bats
  3 frilled lizards
  A jackal skeleton (D:5)
  A jackal zombie (D:8)
  A leopard gecko skeleton (D:6)
  A leopard gecko zombie (D:5)
  A quokka skeleton (D:6)
  A quokka zombie (D:6)
  6 rats
  A fungus (D:1)
  5 plants
519 creatures vanquished.

Vanquished Creatures (others)
  A centaur (D:9)
  An orc wizard (D:7)
  2 orcs (D:7)
  14 fungi
  6 plants
  4 toadstools (D:1)
28 creatures vanquished.

Grand Total: 547 creatures vanquished

Notes
Turn   | Place    | Note
-------+----------+-------------------------------------------
     0 | D:1      | nikopol the Minotaur Berserker began the quest for the Orb.
     0 | D:1      | Reached XP level 1. HP: 19/19 MP: 0/0
    20 | D:1      | Reached XP level 2. HP: 24/27 MP: 1/1
   223 | D:1      | Reached XP level 3. HP: 30/33 MP: 2/2
   304 | D:1      | Reached ** piety under Trog
   667 | D:2      | Noticed Natasha
   679 | D:2      | Killed Natasha
   679 | D:2      | Reached skill level 5 in Polearms
   679 | D:2      | Reached XP level 4. HP: 34/41 MP: 3/3
   727 | D:2      | Noticed Natasha
   742 | D:2      | Killed Natasha
   747 | D:2      | Noticed Natasha
   760 | D:2      | Killed Natasha
  1191 | D:2      | Reached XP level 5. HP: 47/47 MP: 4/4
  1304 | D:2      | Found a faded altar of an unknown god.
  1441 | D:3      | Reached skill level 5 in Fighting
  1745 | D:3      | Found a hide-covered altar of Uskayaw.
  2022 | D:4      | Found Yjybb's Food Shop.
  2055 | D:4      | Noticed Robin
  2070 | D:4      | Killed Robin
  2119 | D:4      | Reached *** piety under Trog
  2207 | D:4      | Found Adiunoet's Food Shoppe.
  2217 | D:4      | Noticed Duvessa
  2217 | D:4      | Noticed Dowan
  2230 | D:4      | Noticed a phantom
  2251 | D:4      | Killed Duvessa
  2251 | D:4      | Reached XP level 6. HP: 50/56 MP: 5/5
  2254 | D:4      | Killed Dowan
  2271 | D:4      | Found Jocsabb's Jewellery Emporium.
  2445 | D:4      | Reached XP level 7. HP: 45/62 MP: 6/6
  2501 | D:4      | Found Wadeh's Antique Armour Shop.
  2506 | D:4      | Bought a pair of shimmering boots for 237 gold pieces
  2516 | D:4      | Identified the cursed -2 pair of boots of Cynup {rElec rC++
                  | Dex-4} (You bought it in a shop on level 4 of the Dungeon)
  2548 | D:4      | Found Buiro Ruc's Food Shop.
  2755 | D:4      | Found a shattered altar of Ashenzari.
  2822 | D:5      | Entered Level 5 of the Dungeon
  2864 | D:5      | Reached skill level 5 in Armour
  3093 | D:5      | Found a glowing silver altar of Zin.
  3094 | D:5      | Noticed an angel
  3370 | D:5      | Found a staircase to the Ecumenical Temple.
  3499 | D:5      | Noticed Menkaure
  3504 | D:5      | Killed Menkaure
  3555 | D:5      | Reached XP level 8. HP: 66/70 MP: 7/7
  3744 | D:5      | Reached **** piety under Trog
  3823 | D:5      | Found a runed translucent door.
  3871 | D:5      | Found a runed translucent door.
  3872 | D:5      | Noticed Crazy Yiuf
  3879 | D:5      | Killed Crazy Yiuf
  4262 | D:6      | Reached skill level 1 in Bows
  5102 | D:7      | Noticed Pikel
  5114 | D:7      | Killed Pikel
  5114 | D:7      | Reached skill level 5 in Bows
  5114 | D:7      | Reached XP level 9. HP: 78/78 MP: 8/8
  5120 | D:7      | Received a gift from Trog
  5499 | D:7      | Reached skill level 10 in Polearms
  5503 | D:7      | Reached skill level 1 in Stealth
  5624 | D:7      | Found a burning altar of Makhleb.
  6117 | D:8      | Reached XP level 10. HP: 62/86 MP: 9/9
  6166 | D:8      | Reached ***** piety under Trog
  6166 | D:8      | Received a gift from Trog
  6321 | D:8      | Noticed Harold
  6334 | D:8      | Killed Harold
  7104 | D:9      | Found a stormy altar of Qazlal.
  7152 | D:9      | Received a gift from Trog
  7152 | D:9      | Reached skill level 5 in Dodging
  7168 | D:9      | Found a blossoming altar of Fedhas.
  7306 | D:9      | Reached skill level 10 in Bows
  7354 | D:9      | Reached XP level 11. HP: 95/95 MP: 10/10
  7425 | D:9      | Found Niyfrouz's Antique Weapon Shop.
  7860 | D:10     | Entered Level 10 of the Dungeon
  8189 | D:10     | Received a gift from Trog
  8194 | D:10     | Got an iridescent demon trident {god gift}
  8195 | D:10     | Identified the +4 demon trident of Pragmatism {vamp, Int+7}
                  | (Trog gifted it to you on level 10 of the Dungeon)
  8612 | D:10     | Found a staircase to the Lair.
  8673 | Lair:1   | Entered Level 1 of the Lair of Beasts
  8784 | Lair:1   | Noticed an oklob plant
  8810 | Lair:1   | Killed an oklob plant
 10365 | Lair:2   | Noticed a five-headed hydra
 10372 | Lair:2   | Killed a five-headed hydra
 10576 | Lair:2   | Found a transporter.
 10602 | Lair:2   | Found a transporter.
 11240 | Lair:3   | Noticed Sonja
 11253 | Lair:3   | Killed Sonja
 11591 | Lair:3   | Reached XP level 12. HP: 105/105 MP: 11/11
 12648 | Lair:4   | Found a staircase to the Swamp.
 12766 | Lair:4   | Noticed a death yak
 12784 | Lair:4   | Killed a death yak
 12849 | Lair:4   | Reached skill level 10 in Fighting
 13347 | Lair:4   | Found a hole to the Spider Nest.
 14142 | Lair:5   | Received a gift from Trog
 14354 | Lair:5   | Noticed an eight-headed hydra
 14365 | Lair:5   | Killed an eight-headed hydra
 14414 | Lair:5   | Identified a +2 pair of boots of running (You found it on
                  | level 5 of the Lair of Beasts)
 14571 | Lair:5   | Noticed Urug
 14618 | Lair:5   | Reached XP level 13. HP: 69/115 MP: 12/12
 14621 | Lair:5   | Killed Urug
 15033 | Lair:6   | Entered Level 6 of the Lair of Beasts
 15144 | Lair:6   | Found a staircase to the Slime Pits.
 15344 | Lair:6   | Found a runed translucent gate.
 15344 | Lair:6   | Found a runed translucent gate.
 15344 | Lair:6   | Found a runed translucent gate.
 15608 | Lair:6   | Received a gift from Trog
 15943 | Lair:6   | Noticed a death ooze
 15943 | Lair:6   | Noticed a death ooze
 15950 | Lair:6   | Noticed Azzok's ghost (journeyman DEFE)
 16106 | Lair:6   | Found a viscous altar of Jiyva.
 16412 | Lair:6   | Noticed a dire elephant
 16412 | Lair:6   | Noticed a dire elephant
 16426 | Lair:6   | Killed a dire elephant
 16434 | Lair:6   | Killed a dire elephant
 16434 | Lair:6   | Reached skill level 15 in Bows
 16545 | Lair:6   | Noticed a dire elephant
 16574 | Lair:6   | Killed a dire elephant
 16574 | Lair:6   | Reached skill level 15 in Polearms
 16949 | Lair:6   | Noticed a dire elephant
 16969 | Lair:6   | Killed a dire elephant
 17039 | Lair:6   | Noticed a dire elephant
 17291 | Lair:6   | Killed a dire elephant
 17515 | Lair:6   | Noticed a dire elephant
 17543 | Lair:6   | Killed a dire elephant
 18433 | D:11     | Found a runed translucent gate.
 18433 | D:11     | Found a runed translucent gate.
 18433 | D:11     | Found a runed translucent gate.
 18433 | D:11     | Noticed Phong's ghost (journeyman DrCj)
 18457 | D:11     | Reached skill level 10 in Armour
 18505 | D:11     | Noticed Maurice
 18523 | D:11     | Received a gift from Trog
 18595 | D:11     | Killed Maurice
 18929 | D:11     | Reached XP level 14. HP: 114/127 MP: 13/13
 19117 | D:11     | Received a gift from Trog
 19459 | D:11     | Found a staircase to the Orcish Mines.
 19575 | D:11     | Found a roughly hewn altar of Beogh.
 19770 | Orc:1    | Entered Level 1 of the Orcish Mines
 19962 | Orc:2    | Entered Level 2 of the Orcish Mines
 19969 | Orc:2    | Found a dark tunnel.
 19976 | Volcano  | Entered a volcano
 20589 | Orc:2    | Noticed Donald
 20621 | Orc:2    | HP: 2/127 [something (7)]
 20622 | Orc:2    | Demolished by Donald

Levels and vault maps discovered:
D:1:      dpeg_arrival_rooms_with_view, layout_basic, minmay_gold_behind_fungi
D:2:      layout_rooms, chequers_ecumenical_altar_lobes, bh_walls_and_bars,
          uniq_natasha
D:3:      layout_basic, nicolae_overflow_crystal_walls
D:4:      layout_rooms, serial_shops, nicolae_shop_waterfront,
          nicolae_shop_trees, shop, nicolae_shop_crystal, shop,
          evilmike_ruin_ashenzari, uniq_robin, uniq_duvessa
D:5:      layout_loops_ring, minmay_temple_entry_statues_fountains,
          first_ration, lemuel_angel_altar, uniq_menkaure,
          uniq_crazy_yiuf_cottage
D:6:      layout_gridville, nrook_campfire, kennysheep_generic_room_13
D:7:      layout_basic, kennysheep_little_box, grunt_livestock, uniq_pikel
D:8:      cheibrodos_ideogram_h, layout_rooms, serial_curves, eino_curves_04,
          eino_curves_01, uniq_harold
D:9:      layout_loops_ring, nicolae_qazlal_general_emergency, fedhas_altar_3,
          serial_shops, nicolae_shop_trees
D:10:     layout_rooms, erik_lair_dragon
D:11:     layout_cave_pods, minmay_orc_entry_temple_large,
          gammafunk_ghost_split, uniq_maurice
Lair:1:   layout_loops_ring, serial_bayou_shore_b, minmay_lair_oklob_chamber,
          serial_bayou_shore_b
Lair:2:   gammafunk_cloud_chamber, layout_long_grid
Lair:3:   layout_cave_pods, serial_bayou_shore_a, uniq_sonja
Lair:4:   layout_regular_city, swamp_mist, dummy_spider_entry
Lair:5:   layout_regular_city, grunt_megastairs_4, uniq_urug
Lair:6:   due_jungle_book, layout_small_grid, nicolae_slime_entry_slimehenge,
          gammafunk_ghost_ooze, lemuel_fruit_tree, infiniplex_staircase_pool
Orc:1:    layout_caves, nicolae_orc_flooded_monolith, uniq_erolcha
Orc:2:    st_orc_mages, layout_diamond_mine, enter_volcano_4, uniq_donald,
          uniq_rupert
Volcano:  volcano_pools

Skill      XL: |  1  2  3  4  5  6  7  8  9 10 11 12 13 |
---------------+----------------------------------------+-----
Polearms       | 4 5 6 7 9 11 12 13 14 15 | 15.6
Fighting       | 4 5 6 7 8 9 10 12 | 12.9
Armour         | 3 4 6 7 8 10 | 10.2
Dodging        | 3 4 5 6 7 |  7.4
Bows           | 5 7 10 12 14 15 | 15.6
Stealth        | 1 2 |  2.3

Action                   |  1- 3 |  4- 6 |  7- 9 | 10-12 | 13-15 || total
-------------------------+-------+-------+-------+-------+-------++-------
Melee: Spear             |    95 |   170 |    86 |       |       ||   351
       Headbutt          |    16 |    25 |    39 |   101 |   118 ||   299
       Trident           |       |       |   183 |   495 |   421 ||  1099
 Fire: Shortbow          |       |       |   100 |   376 |   323 ||   799
Invok: Berserk           |       |     2 |       |     6 |     6 ||    14
       Trog's Hand       |       |       |       |     1 |       ||     1
Evoke: Wand              |       |       |       |       |     1 ||     1
  Use: Scroll            |       |       |     7 |    11 |     8 ||    26
       Potion            |       |       |       |     1 |     3 ||     4
  Eat: Chunk             |       |     6 |    12 |    30 |    21 ||    69
       Ration            |       |       |       |     1 |     1 ||     2
Armor: Animal skin       |     9 |       |       |       |       ||     9
       Ring mail         |     4 |    40 |    46 |   103 |    70 ||   263
       Chain mail        |       |       |       |       |    20 ||    20
Dodge: Dodged            |    35 |    60 |   102 |   287 |   219 ||   703
Block: Other             |       |       |    16 |    46 |    31 ||    93
       Reflection        |       |       |     2 |     2 |     2 ||     6

Table legend:
 A = Non-vault XP
 B = Vault XP
 C = Vault XP percentage of total XP
 D = Non-vault monster count
 E = Vault monster count
 F = Vault count percentage of total count
                 A         B        C        D         E       F
            +---------+---------+-------+---------+---------+-------
      Total |   55055 |   17499 |  24.1 |     415 |      99 |  19.3
            +---------+---------+-------+---------+---------+-------
        D:1 |      65 |       3 |   4.4 |      32 |       2 |   5.9
        D:2 |     116 |      35 |  23.2 |      20 |       1 |   4.8
        D:3 |      15 |       0 |   0.0 |       7 |       0 |   0.0
        D:4 |     298 |     261 |  46.7 |      15 |       9 |  37.5
        D:5 |     586 |     206 |  26.0 |      27 |       2 |   6.9
        D:6 |     650 |       0 |   0.0 |      19 |       0 |   0.0
        D:7 |     476 |    1615 |  77.2 |      13 |       6 |  31.6
        D:8 |    1366 |    2894 |  67.9 |      20 |      24 |  54.5
        D:9 |    3866 |       0 |   0.0 |      35 |       0 |   0.0
       D:10 |    1955 |     797 |  29.0 |      25 |       5 |  16.7
       D:11 |    7061 |    1189 |  14.4 |      57 |      19 |  25.0
     Lair:1 |    2117 |     610 |  22.4 |      10 |       1 |   9.1
     Lair:2 |    2707 |     826 |  23.4 |      11 |       4 |  26.7
     Lair:3 |    1069 |     827 |  43.6 |      10 |       1 |   9.1
     Lair:4 |    7768 |       0 |   0.0 |      26 |       0 |   0.0
     Lair:5 |    7475 |    2344 |  23.9 |      28 |       7 |  20.0
     Lair:6 |   15959 |    3088 |  16.2 |      43 |      11 |  20.4
      Orc:1 |     287 |       0 |   0.0 |       2 |       0 |   0.0
      Orc:2 |    1219 |       0 |   0.0 |      15 |       0 |   0.0
    Volcano |       0 |    2804 | 100.0 |       0 |       7 | 100.0
            +---------+---------+-------+---------+---------+-------
